Map: 베를린그라드 - 래더

Players

AgoElazer (Elazer) - Winner!

  • Race: Zerg Zerg

Zoun

  • Race: Protoss Protoss

VOD

Have the link to the VOD?

Description

Time

  • Played on: Oct. 21, 2021, 8:02 a.m.
  • Length: 6:59
Show
View Real Time Build Order
Export as new Build Order

AgoElazer Zerg - Winner!

Build Orders: Hatch First 

Get SALT Encoding   

  12  0:00  Drone  
  13  0:12  Overlord  
  13  0:16  Drone  
  14  0:30  Drone x2  
  16  0:48  Hatchery  
  15  0:52  Drone  
  15  0:55  Drone  
  17  0:58  Drone  
  18  1:08  Extractor  
  17  1:12  Spawning Pool  
  17  1:16  Drone  
  17  1:19  Drone  
  18  1:28  Drone  
  19  1:38  Drone  
  20  1:49  Overlord  
  20  1:59  Queen  
  20  2:00  Queen  
  20  2:01  Drone, Zergling x2  
  26  2:11  Drone, Zergling x2  
  26  2:14  Metabolic Boost  
  28  2:21  Drone  
  28  2:22  Drone  
  30  2:31  Drone  
  30  2:33  Drone  
  30  2:36  Queen  
  34  2:46  Drone, Overlord  
  35  2:54  Evolution Chamber  
  35  3:01  Hatchery  
  35  3:03  Drone  
  35  3:04  Overlord  
  35  3:08  Drone x3  
  35  3:10  Drone  
  39  3:13  Drone x2  
  39  3:19  Drone  
  42  3:21  Queen  
  42  3:26  Queen  
  46  3:30  Overlord  
  46  3:33  Overlord  
  46  3:36  Drone  
  46  3:38  Drone  
  46  3:40  Drone  
  49  3:51  Spore Crawler  
  49  3:52  Drone x6  
  49  3:53  Drone  
  55  4:01  Drone  
  56  4:03  Queen  
  56  4:06  Drone  
  56  4:08  Drone  
  60  4:11  Overlord  
  60  4:13  Drone x3  
  60  4:15  Drone x3  
  66  4:22  Overlord  
  66  4:26  Drone  
  66  4:32  Extractor  
  66  4:33  Roach Warren, Extractor  
  66  4:34  Drone x2  
  66  4:36  Drone x2  
  67  4:38  Overlord  
  67  4:41  Queen  
  67  4:43  Drone  
  67  4:44  Overlord  
  70  4:46  Drone x2  
  70  4:49  Zergling x12  
  70  4:52  Overlord  
  77  4:55  Lair  
  77  4:59  Spore Crawler  
  76  5:00  Spore Crawler  
  76  5:02  Overlord  
  75  5:09  Overlord  
  75  5:15  Roach x7  
  75  5:18  Roach x2  
  93  5:22  Zergling x2  
  93  5:23  Zergling x6  
  93  5:24  Zergling x2  
  93  5:25  Zergling x2  
  98  5:36  Zergling x6  
  98  5:41  Overlord  
  100  5:44  Roach x6  
  112  5:50  Overlord  
  112  5:52  Roach x2  
  112  5:56  Ravager x2  
  118  5:58  Overlord  
  118  6:02  Zergling x4  
  117  6:05  Queen x2  
  121  6:12  Ravager x2  
  121  6:15  Zergling x24  
  135  6:21  Overseer  
  131  6:26  Zergling x6  
  134  6:33  Ravager  
  132  6:59  Hatchery  
Show
View Real Time Build Order
Export as new Build Order

Zoun Protoss 

Build Orders: 1 Gate Expand, Oracle Opening 

Get SALT Encoding   

  12  0:00  Probe  
  13  0:12  Probe  
  14  0:19  Pylon  
  14  0:24  Probe  
  15  0:37  Probe (Chrono Boost)  
  15  0:39  Gateway  
  16  0:47  Probe (Chrono Boost)  
  17  0:51  Assimilator  
  17  0:52  Probe (Chrono Boost)  
  18  1:04  Probe  
  19  1:16  Probe  
  20  1:26  Nexus  
  20  1:38  Cybernetics Core  
  20  1:39  Probe  
  21  1:45  Assimilator  
  21  1:51  Probe  
  22  1:54  Pylon  
  22  2:03  Probe  
  23  2:12  Adept (Chrono Boost)  
  26  2:15  Probe  
  26  2:19  Stargate  
  26  2:27  Warp Gate  
  26  2:28  Probe (Chrono Boost)  
  27  2:35  Adept  
  29  2:38  Probe (Chrono Boost)  
  29  2:40  Probe (Chrono Boost)  
  31  2:47  Probe (Chrono Boost)  
  31  2:48  Probe (Chrono Boost)  
  33  2:52  Probe (Chrono Boost)  
  33  2:54  Probe  
  33  2:55  Void Ray (Chrono Boost)  
  35  3:04  Probe  
  40  3:07  Probe  
  40  3:11  Pylon  
  41  3:16  Probe  
  41  3:18  Gateway  
  42  3:22  Probe  
  42  3:26  Shield Battery  
  43  3:28  Probe  
  43  3:30  Oracle (Chrono Boost)  
  47  3:35  Probe  
  47  3:40  Probe  
  49  3:45  Twilight Council  
  49  3:58  Nexus  
  49  3:59  Pylon  
  49  4:01  Probe x2  
  51  4:10  Gateway  
  51  4:12  Gateway  
  51  4:14  Resonating Glaives (Chrono Boost)  
  51  4:18  Probe x2  
  51  4:19  Assimilator  
  53  4:27  Adept x2  
  53  4:30  Pylon  
  57  4:34  Shield Battery  
  57  4:35  Probe  
  58  4:41  Robotics Facility  
  58  4:43  Probe  
  59  4:47  Probe  
  59  4:51  Adept x2  
  64  4:56  Pylon  
  64  5:04  Adept  
  64  5:06  Adept  
  68  5:13  Adept x2, Forge  
  72  5:15  Probe x3  
  75  5:27  Probe  
  76  5:29  Adept x2  
  76  5:30  Observer  
  76  5:31  Probe x2  
  83  5:37  Adept x2  
  83  5:39  Probe  
  88  5:43  Probe  
  88  5:44  Shield Battery x2  
  89  5:53  Probe x2  
  89  5:55  Probe  
  92  5:57  Robotics Bay  
  88  6:06  Probe  
  88  6:09  Adept x3  
  88  6:10  Adept  
  89  6:13  Pylon  
  89  6:14  Immortal (Chrono Boost)  
  93  6:19  Assimilator  
  93  6:26  Shield Battery  
  93  6:32  Adept  
  93  6:33  Adept x3  
  93  6:36  Photon Cannon  
  75  6:55  Adept x3  
Tags
 
Add a new tag
Caveats
  • Supply blocks, unpowered buildings, or Contaminate may cause inaccurate times.
  • Supply counts are checked every 10 seconds.